AoeStats
← YeisonG77434

Black Forest

509771767Analyzed
4v4 RM · 2d ago on Sep 28, 2026· 40m 33s· 8 players
Game mode
Random Map
Map size
Large (8 player)
Population
200
Speed
Normal
Resources
Standard
Victory
Conquest
Starting age
Dark Age
Ending age
Imperial Age
RankedLock teamsTeams togetherTeam positionsShared explorationLock speedFull tech treeHidden civsTurbo modeCheats
Victory
Defeat
🇦🇷 Mongols · Argentina
1104
+15
🇨🇱 Persians · Chile
1053
+17
🇨🇴 Britons · Colombia
1042
+18
🇨🇦 Bohemians · Canada
1025
+18
🇨🇴 Bohemians · Colombia
1134
-19
🇨🇴 Persians · Colombia
1133
-19
🇺🇸 Japanese · United States
1076
-17
🇺🇸 Mapuche · United States
985
-13
Don Wea
10:38 Feudal Age
9:56 Loom
14:53 Castle Age
12:52 Double-Bit Axe
13:57 Fishing Lines
15:43 Bow Saw
22:06 Gillnets
24:24 Gold Mining
24:25 Stone Mining
24:16 Horse Collar
25:38 Heavy Plow
26:14 Gold Shaft Mining
26:14 Stone Shaft Mining
26:16 Wheelbarrow
29:13 Imperial Age
27:20 Hand Cart
28:28 Fervor
28:36 Devotion
28:43 Scale Barding Armor
28:48 Forging
29:44 Chain Barding Armor
29:01 Elite War Elephant
30:09 Husbandry
30:19 Bloodlines
30:32 Conscription
31:32 Two-Man Saw
31:34 Crop Rotation
31:46 Iron Casting
31:48 Plate Barding Armor
31:51 Faith
33:28 Blast Furnace
Mata Ovejas
0:47 Loom
12:15 Feudal Age
17:36 Castle Age
17:29 Fletching
17:40 Town Watch
19:19 Padded Archer Armor
23:16 Double-Bit Axe
29:12 Imperial Age
29:10 Ballistics
29:14 Horse Collar
29:33 Bodkin Arrow
31:00 Chemistry
32:23 Conscription
34:28 Yeomen
36:14 Bracer
36:04 Pikeman
36:46 Squires
36:31 Arson
40:06 Caravan
TheDuff_KøK
10:41 Feudal Age
11:11 Horse Collar
11:29 Double-Bit Axe
14:13 Castle Age
17:11 Wheelbarrow
16:50 Heavy Plow
24:34 Bow Saw
24:55 Fletching
25:06 Padded Archer Armor
26:27 Gold Mining
26:28 Stone Mining
28:13 Wheelbarrow
27:24 Loom
32:29 Imperial Age
31:12 Gold Shaft Mining
30:59 Bloodlines
30:50 Husbandry
31:23 Leather Archer Armor
31:04 Bodkin Arrow
31:25 Scale Barding Armor
31:48 Ballistics
31:08 Light Cavalry
32:08 Thumb Ring
32:34 Town Watch
33:40 Conscription
34:23 Chain Barding Armor
34:04 Bracer
35:31 Chemistry
34:27 Murder Holes
35:24 Scale Mail Armor
35:38 Forging
36:14 Elite Mangudai
37:48 Elite Mangudai
39:10 Chain Mail Armor
39:31 Iron Casting
JumpingJuneBug
12:57 Feudal Age
14:01 Double-Bit Axe
17:15 Loom
21:20 Castle Age
20:35 Horse Collar
21:10 Fletching
23:03 Bodkin Arrow
24:49 Chemistry
25:56 Ballistics
29:32 Squires
30:01 Scale Mail Armor
31:21 Wagenburg Tactics
34:31 Forging
36:11 Wheelbarrow
35:43 Caravan
38:22 Iron Casting
37:49 Padded Archer Armor
Spicy Meatball
1:19 Loom
14:52 Feudal Age
20:20 Castle Age
18:18 Double-Bit Axe
18:18 Horse Collar
24:52 Bow Saw
29:06 Heavy Plow
28:32 Pikeman
29:21 Fletching
32:27 Wheelbarrow
33:01 Thumb Ring
33:00 Bodkin Arrow
33:06 Padded Archer Armor
33:57 Bloodlines
33:48 Husbandry
34:55 Hand Cart
37:35 Imperial Age
37:41 Imperial Age
35:40 Leather Archer Armor
36:30 Elite Skirmisher
39:24 Bracer
39:55 Ring Archer Armor
Gbetosaurus
13:05 Feudal Age
11:20 Loom
14:00 Double-Bit Axe
14:17 Gold Mining
19:57 Castle Age
18:04 Fletching
19:16 Stone Mining
22:08 Horse Collar
30:01 Bow Saw
30:28 Gold Shaft Mining
29:54 Heavy Plow
32:37 Wheelbarrow
34:36 Imperial Age
32:49 Malon
32:13 Elite Skirmisher
33:35 Bodkin Arrow
33:41 Padded Archer Armor
35:53 Wheelbarrow
35:41 Leather Archer Armor
37:06 Ring Archer Armor
37:15 Butalmapu
37:31 Conscription
39:36 Crop Rotation
39:00 Pikeman
YeisonG77434
14:11 Feudal Age
12:27 Loom
18:30 Castle Age
16:15 Horse Collar
16:26 Double-Bit Axe
28:11 Wheelbarrow
28:14 Heavy Plow
28:29 Bow Saw
33:49 Imperial Age
34:38 Conscription
35:37 Elite War Elephant
38:45 Elite War Elephant
Demon
0:35 Loom
14:41 Feudal Age
16:32 Double-Bit Axe
22:36 Castle Age
21:35 Town Watch
24:16 Bow Saw
30:00 Imperial Age
29:47 Chemistry
30:04 Wheelbarrow
30:23 Forging
30:13 Scale Mail Armor
30:09 Fishing Lines
32:41 Houfnice
34:08 Iron Casting
33:48 Chain Mail Armor
34:16 Chain Mail Armor
34:37 Fortified Wall
34:59 Wagenburg Tactics
34:26 Pikeman
35:06 Squires
34:56 Arson
35:27 Halberdier
Connection lost

Rejoining the realm…

Still unreachable

The connection could not be restored.

Session expired

The server has moved on; the page needs a fresh start.